 Dungeon Crawl Stone Soup version 0.30-a0-722-g3e6e8c874d (webtiles) character file.

Game seed: 267776507383942979

555 Mitcholas the Shooter (level 7, 0/55 HPs)
             Began as a Yellow Draconian Hunter on Jan 27, 2023.
             Was an Initiate of Okawaru.
             Slain by Sigmund
             ... wielding a +1 scythe of freezing
              (5 damage)
             ... on level 2 of the Dungeon.
             The game lasted 00:08:50 (3658 turns).

Mitcholas the Shooter (Yellow Draconian Hunter)     Turns: 3658, Time: 00:08:51

Health: 0/55       AC:  6    Str: 14    XL:     7   Next: 8%
Magic:  7/7        EV: 12    Int:  9    God:    Okawaru [......]
Gold:   390        SH:  0    Dex: 16    Spells: 6/6 levels left

rFire   . . .      SeeInvis .    a - +0 shortbow
rCold   . . .      Faith    .    (shield currently unavailable)
rNeg    . . .      Spirit   .    (body armour unavailable)
rPois   .          Reflect  .    (helmet restricted)
rElec   .          Harm     .    (no cloak)
rCorr   +          Rampage  .    (no gloves)
Will    .....                    (no boots)
Stlth   ++                       (no amulet)
HPRegen 0.29/turn                n - ring of flight
MPRegen 0.10/turn                (no ring)

@: short of breath, flying, slowed, very slow
A: spit acid, AC +6, unfitting armour, cold-blooded, acid resistance
a: Breathe Acid, Renounce Religion


You were on level 2 of the Dungeon.
You worshipped Okawaru.
Okawaru was noncommittal.
You visited 2 branches of the dungeon, and saw 6 of its levels.

You collected 390 gold pieces.

Inventory:

Hand Weapons
 a - a +0 shortbow (weapon)
Jewellery
 n - a ring of flight (left hand)
Wands
 v - a wand of flame (9)
 w - a wand of mindburst (8)
Scrolls
 b - a scroll of immolation
 c - 3 scrolls of teleportation {unknown}
 d - 3 scrolls of blinking {unknown}
 g - a scroll of acquirement {unknown}
 h - a scroll of vulnerability {unknown}
 k - 3 scrolls of identify {unknown}
 m - a scroll of silence {unknown}
 p - a scroll of enchant weapon {unknown}
 s - a scroll of fog {unknown}
 u - a scroll of noise {unknown}
Potions
 e - a potion of invisibility {unknown}
 f - 3 potions of brilliance {unknown}
 i - a potion of flight {unknown}
 j - a potion of resistance {unknown}
 l - a potion of berserk rage {unknown}
 o - 2 potions of heal wounds {unknown}
 q - a potion of attraction {unknown}
 r - a potion of curing {unknown}
 t - 2 potions of magic {unknown}
 x - a potion of degeneration {unknown}


   Skills:
 - Level 2.1 Fighting
 * Level 7.9 Ranged Weapons
 - Level 1.7 Dodging
 - Level 0.8 Stealth


You had 6 spell levels left.
You didn't know any spells.
Your spell library contained the following spells:

 Spells                   Type           Power      Damage    Failure   Level
 Blink                    Tloc           0%         N/A       52%         2
 Lesser Beckoning         Tloc           0%         N/A       52%         2
 Momentum Strike          Conj/Tloc      0%         3d8       52%         2
 Portal Projectile        Hex/Tloc       0%         N/A       77%         3
 Leda's Liquefaction      Hex/Erth       0%         N/A       99%         4
 Passage of Golubria      Tloc           0%         N/A       99%         4
 Yara's Violent Unravell  Hex/Tmut       0%         3d3       100%        5
 Call Canine Familiar     Summ           Unusable   N/A       N/A         3
 Tukima's Dance           Hex            Unusable   N/A       N/A         3
 Summon Ice Beast         Ice/Summ       Unusable   N/A       N/A         4
 Summon Mana Viper        Hex/Summ       Unusable   N/A       N/A         5
 Monstrous Menagerie      Summ           Unusable   N/A       N/A         7

Dungeon Overview and Level Annotations

Branches:
Dungeon (5/15)             Temple (1/1) D:5

Altars:
Ashenzari
Cheibriados
Elyvilon
Fedhas
Gozag
Hepliaklqana
Okawaru
Sif Muna
Uskayaw
Xom
Zin
The Shining One

Shops:
D:2 !

Annotations:
D:2 Sigmund
D:4 Menkaure


Innate Abilities, Weirdness & Mutations

You can spit globs of acid.
Your golden yellow scales are hard. (AC +6)
You cannot fit into any form of body armour.
You are cold-blooded and may be slowed by cold attacks.
You are resistant to acid. (rCorr)


Message History

You are more confused.
You're too confused to move!
Sigmund hits you but does no damage.
You bump into the rock wall.
Sigmund misses you.
Sigmund gestures wildly while chanting.
Sigmund flickers and vanishes!
Deactivating autopickup; reactivate with Ctrl-A.
You bump into the rock wall.
Something hits you! Something freezes you.
You're too confused to move!
Something completely misses you.
You bump into the rock wall.
You feel less confused. Something hits you.
You feel yourself slow down. Something freezes you.
Press: ? - help, Shift-Dir - straight line You spit a glob of acid.
Something hits you.
You feel as though you will be slow longer.
Something freezes you.
Fire: a) +0 shortbow
Press: ? - help, Q - select action, (/) - cycle Shift-Dir - straight line You shoot an arrow.
Something completely misses you.
Fire: a) +0 shortbow
Press: ? - help, Q - select action, (/) - cycle Shift-Dir - straight line, f - you Really target yourself? [Y]es or [N]o only, please.
Really target yourself? [Y]es or [N]o only, please.
Really target yourself?
Okay, then.
Unknown command.
You shoot an arrow. Something hits you! Something freezes you.
* * * LOW HITPOINT WARNING * * *
You shoot an arrow.
You feel yourself speed up. Something hits you.
* * * LOW HITPOINT WARNING * * *
You feel yourself slow down. Something freezes you.
* * * LOW HITPOINT WARNING * * *
You shoot an arrow. Something hits you!
* * * LOW HITPOINT WARNING * * *
Something freezes you.
You die...

*,...........##...#*..#**
*>#########.....###*#...* *,*
##....##.## *##.# *,*
#..#####..## *.# *****,***
#### ##..######.# *,,,,,,,*
##.#....... *,,,,,,,*
########..>#####.
*,,,,,,,#####......#..#######
*,,,,,,,#..{@.####.........##
*,,,<.....##### #########...
*,,,.....** **** *,,,...(**
*,,,...,* *,,,..,,* *,,,.,,,*
*********


There were no monsters in sight!

Vanquished Creatures
  A water moccasin (D:5)
  A black bear (D:5)
  2 necrophages (D:4)
  Natasha (thrice) (D:3)
  2 iguanas
  2 adders
  An ufetubus (D:4)
  2 dart slugs
  4 worms
  An orc (D:4)
  4 bats
  9 endoplasms
  A giant cockroach (D:1)
  10 goblins
  8 hobgoblins
  2 jackals (D:3)
  A quokka (D:2)
  2 ball pythons
  2 frilled lizards (D:1)
  5 kobolds
  3 rats
66 creatures vanquished.

Notes
Turn   | Place    | Note
-------+----------+-------------------------------------------
     0 | D:1      | Mitcholas the Draconian Hunter began the quest for the Orb.
     0 | D:1      | Reached XP level 1. HP: 17/17 MP: 1/1
   185 | D:1      | Reached skill level 4 in Ranged Weapons
   208 | D:1      | Reached XP level 2. HP: 24/24 MP: 2/2
   508 | D:2      | Found Cyblelosso's Distillery.
   741 | D:2      | Noticed Sigmund
   849 | D:2      | Reached XP level 3. HP: 29/29 MP: 3/3
  1143 | D:3      | Found Mivvu's Antique Weapon Emporium.
  1235 | D:3      | Found an opulent altar of Gozag.
  1296 | D:3      | Reached skill level 5 in Ranged Weapons
  1296 | D:3      | Reached XP level 4. HP: 36/36 MP: 4/4
  1353 | D:3      | Found a glowing silver altar of Zin.
  1500 | D:3      | Found a shimmering blue altar of Sif Muna.
  1613 | D:3      | Noticed Natasha
  1618 | D:3      | Killed Natasha
  1710 | D:3      | Noticed Natasha
  1713 | D:3      | Killed Natasha
  1714 | D:3      | Reached XP level 5. HP: 41/41 MP: 5/5
  1733 | D:3      | Found an opulent altar of Gozag.
  1795 | D:3      | Found a glowing silver altar of Zin.
  1928 | D:3      | Noticed Natasha
  1937 | D:3      | Killed Natasha
  1938 | D:3      | Reached skill level 6 in Ranged Weapons
  2124 | D:4      | Noticed Menkaure
  2387 | D:4      | Reached XP level 6. HP: 31/48 MP: 6/6
  2940 | D:5      | Entered Level 5 of the Dungeon
  2963 | D:5      | Reached skill level 7 in Ranged Weapons
  3054 | D:5      | Noticed a water moccasin
  3117 | D:5      | Found a staircase to the Ecumenical Temple.
  3129 | D:5      | Killed a water moccasin
  3130 | D:5      | Your scales start taking on a golden yellow colour.
  3130 | D:5      | Reached XP level 7. HP: 48/55 MP: 7/7
  3130 | D:5      | Gained mutation: You are resistant to acid. (rCorr) [Yellow
                  | Draconian growth]
  3147 | Temple   | Entered the Ecumenical Temple
  3304 | Temple   | Became a worshipper of Warmaster Okawaru
  3435 | D:2      | Found Cyblelosso's Distillery.
  3658 | D:2      | Slain by Sigmund

Illustrated notes

Levels and vault maps discovered:
D:1:      heliophobic_arrival_battle_scene, layout_rooms
D:2:      layout_rooms, serial_shops, shop_fountains, serial_park_tiny_2,
          uniq_sigmund
D:3:      layout_basic, nicolae_sif_muna_little_library, zin_treasury,
          amcnicky_altar_gilded, serial_shops,
          nicolae_shop_competitors_out_of_business, uniq_natasha
D:4:      layout_basic, minmay_misc_feat_alley, uniq_menkaure
D:5:      layout_loops_ring, lemuel_crystal_altar,
          minmay_temple_entry_offerings, minmay_misc_feat_room, uniq_pikel
Temple:   hellmonk_temple_forest_ring

Skill      XL: |  1  2  3  4  5  6 |
---------------+-------------------+-----
Ranged Weapons | 4 5 6 7 |  7.9
Fighting       | |  2.1
Dodging        | |  1.7
Stealth        | |  0.8

Action                     |  1- 3 |  4- 6 |  7- 9 || total
---------------------------+-------+-------+-------++-------
   Fire: Shortbow          |   116 |   126 |     9 ||   251
Ability: Breathe Acid      |       |       |     1 ||     1
 Armour: Skin              |    14 |    23 |     1 ||    38
  Dodge: Dodged            |    29 |    53 |     3 ||    85

Table legend: (Time is in decaauts)
 A = Elapsed time spent in this place.
 B = Non-inter-level travel time spent in this place.
 C = Inter-level travel time spent in this place.
 D = Time resting spent in this place.
 E = Time spent auto-exploring this place.
 F = Levels seen in this place.
 G = Mean time per level.
                   A        B        C        D        E       F      G
               +--------+--------+--------+--------+--------+-----+--------+
         Total |   3725 |   3579 |    146 |    251 |   2753 |   6 |  620.8 |
       Dungeon |   3549 |   3440 |    109 |    251 |   2625 |   5 |  709.8 |
        Temple |    175 |    138 |     37 |      0 |    128 |   1 |  175.0 |
               +--------+--------+--------+--------+--------+-----+--------+

Top non-repeatable levels by time:
     D:3: 954 daAuts
     D:4: 931 daAuts
     D:2: 899 daAuts
     D:1: 531 daAuts
     D:5: 231 daAuts
  Temple: 175 daAuts
